 Dungeon Crawl Stone Soup version 0.20-a0-443-g0464b71 (webtiles) character file.

127 Karnivor the Skirmisher (level 5, -4/35 HPs)
             Began as a Gargoyle Fighter on Jan 6, 2017.
             Killed from afar by an orc wizard (7 damage)
             ... with a magic dart
             ... on level 3 of the Dungeon.
             The game lasted 00:07:24 (2221 turns).

Karnivor the Skirmisher (Gargoyle Fighter)          Turns: 2221, Time: 00:07:25

Health: -4/35      AC: 13    Str: 21    XL:     5   Next: 11%
Magic:  5/5        EV:  7    Int:  8    God:
Gold:   76         SH:  9    Dex:  9    Spells: 4/4 levels left

rFire  . . .     SeeInvis .     e - +0 whip
rCold  . . .     Gourm    .     b - +0 scale mail
rNeg   + . .     Faith    .     c - +0 shield
rPois  ∞         Spirit   .     o - +1 helmet
rElec  +         Reflect  .     (no cloak)
rCorr  +         Harm     .     (no gloves)
MR     .....                    (no boots)
Stlth  ..........               (no amulet)
                                p - ring of resist corrosion
                                n - ring of wizardry

@: slowed, very slow
A: negative energy resistance 1, electricity resistance, unbreathing,
petrification resistance, rot immunity, AC +4
a: no special abilities


You were on level 3 of the Dungeon.
You were hungry.

You visited 1 branch of the dungeon, and saw 3 of its levels.

You collected 76 gold pieces.

Inventory:

Hand Weapons
 e - a +0 whip (weapon)
Armour
 b - a +0 scale mail (worn)
 c - a +0 shield (worn)
 o - a +1 helmet (worn)
 t - a +0 large shield
Jewellery
 n - a ring of wizardry (left hand)
 p - a ring of resist corrosion (right hand)
Scrolls
 k - a scroll of enchant armour
 l - a scroll of identify
 m - a scroll of remove curse
 s - a scroll of random uselessness {unknown}
 u - a scroll of recharging {unknown}
Potions
 d - a potion of might
 i - 2 potions of curing
 j - a potion of magic
 q - a potion of ambrosia
 r - a potion of resistance
Comestibles
 a - 2 meat rations
 f - 6 bread rations
 g - 4 chunks of flesh
 h - a beef jerky


   Skills:
 + Level 5.1 Fighting
 + Level 3.6 Maces & Flails
 - Level 3.2 Armour
 - Level 3.2 Shields


You had 4 spell levels left.
You didn't know any spells.

Dungeon Overview and Level Annotations

Branches:
Dungeon (3/15)

Altars:
Gozag
Kikubaaqudgha
Makhleb


Innate Abilities, Weirdness & Mutations

You are resistant to torment.
Your stone body is resilient. (AC +4)
You are immune to poison.
You resist negative energy. (rN+)
You are resistant to electric shocks. (rElec)
You can survive without breathing.
You are immune to petrification.
You are immune to rotting.


Message History

You hit the orc wizard.
The orc wizard is severely wounded.
The orc wizard mumbles some strange words.
The kobold hits you but does no damage.
The orc wizard hits you but does no damage.
You block the orc wizard's attack.
Unknown command.
You barely miss the orc wizard.
The orc wizard is severely wounded.
The orc wizard hits you but does no damage.
The kobold closely misses you.
The orc wizard mumbles some strange words.
The orc wizard blinks!
The orc wizard hits you but does no damage.
You block the kobold's attack. You block the orc wizard's attack.
You closely miss the orc wizard. You block the orc wizard's attack.
The kobold closely misses you.
The orc wizard gestures at you while chanting.
The magic dart hits you!
You die...

### #########..
#......##.#
#......##.#
##......##.#####.###
#........o.K@.......
#...÷...##.##o.....#
#...#..............#
###.#.####.##......#
#####.#......#
...(..# ###......###
### #.#.###
..#........... .#.#
#'#......##### .# #
.........#


You could see 2 orc wizards and a kobold.

Vanquished Creatures
  An orc priest (D:3)
  3 adders (D:3)
  2 orcs (D:3)
  2 ball pythons
  8 bats
  3 giant cockroaches
  8 hobgoblins
  A frilled lizard (D:1)
  10 goblins
  10 kobolds
  8 rats
56 creatures vanquished.

Vanquished Creatures (others)
  An orc wizard (D:3)
1 creature vanquished.

Grand Total: 57 creatures vanquished

Notes
Turn   | Place    | Note
-------+----------+-------------------------------------------
     0 | D:1      | Karnivor the Gargoyle Fighter began the quest for the Orb.
     0 | D:1      | Reached XP level 1. HP: 14/14 MP: 1/1
   164 | D:1      | Reached XP level 2. HP: 19/19 MP: 2/2
   574 | D:1      | Reached skill level 4 in Fighting
   614 | D:1      | Reached XP level 3. HP: 24/24 MP: 3/3
  1481 | D:2      | Found an opulent altar of Gozag.
  1742 | D:3      | Found a burning altar of Makhleb.
  1742 | D:3      | Found an ancient bone altar of Kikubaaqudgha.
  1746 | D:3      | Reached XP level 4. HP: 30/30 MP: 4/4
  2177 | D:3      | Reached skill level 5 in Fighting
  2206 | D:3      | Reached XP level 5. HP: 11/35 MP: 5/5
  2221 | D:3      | Killed from afar by an orc wizard

Vault maps used:
D:1:      minmay_arrival_open_corners, amethyst_killhole,
          hangedman_decor_growths, minmay_misc_feat_iff
D:2:      first_bread, serial_glass, glass_columns_c, glass_columns_b,
          glass_columns_c, grunt_decor_one_mirror,
          nicolae_gozag_cash_rules_everything_around_me
D:3:      grunt_temple_overflow_open

Skill      XL: |  1  2  3  4 |
---------------+-------------+-----
Fighting       | 4 5 |  5.1
Maces & Flails | 3 |  3.6
Armour         | |  3.2
Shields        | |  3.2

Action                   |  1- 3 |  4- 6 || total
-------------------------+-------+-------++-------
Melee: Flail             |    40 |       ||    40
       Whip              |   134 |    88 ||   222
  Use: Scroll            |     2 |     6 ||     8
  Eat: Chunk             |     2 |     2 ||     4
Armor: Scale mail        |   103 |    62 ||   165
Dodge: Dodged            |    51 |    19 ||    70
Block: Shield            |    76 |    49 ||   125
